 Dungeon Crawl Stone Soup version 0.31-a0-1447-g87ca8d402b (webtiles) character file.

Game seed: 10851319220194133273

197811 inmateoo the Warrior (level 18, -11/208 HPs)
             Began as an Oni Gladiator on Dec 26, 2023.
             Was an Elder of Wu Jian.
             Mangled by a vault warden
             ... wielding a +0 great sword
              (41 damage)
             ... on level 1 of the Vaults on Dec 27, 2023.
             The game lasted 00:56:04 (41556 turns).

inmateoo the Warrior (Oni Gladiator)               Turns: 41556, Time: 00:56:04

Health: -11/208    AC:  9    Str: 22    XL:     18   Next: 42%
Magic:  18/18      EV: 19    Int: 13    God:    Wu Jian [****..]
Gold:   2952       SH: 10    Dex: 15    Spells: 17/17 levels left

rFire   . . .        d - +4 morningstar (freeze)
rCold   + . .        f - +0 kite shield {rC+}
rNeg    . . .        j - +0 acid dragon scales
rPois   +            c - +0 hat
rElec   .            t - scarf {repulsion}
rCorr   +            (gloves unavailable)
SInv    .            (boots unavailable)
Will    +....        P - amulet of regeneration
Stlth   +            e - ring of poison resistance
HPRegen 1.34/turn    U - +5 ring of evasion
MPRegen 0.16/turn

%: repel missiles
@: studying Necromancy
A: large, unfitting armour, horns 1, tough skin 1, double potion healing,
drunken brawling, talons 1, clever 1
}: 1/15 runes: decaying
a: Renounce Religion, Wall Jump, Serpent's Lash


You were on level 1 of the Vaults.
You worshipped Wu Jian.
Wu Jian was greatly pleased with you.
You visited 6 branches of the dungeon, and saw 28 of its levels.
You also visited: Ice Cave.

You collected 3387 gold pieces.
You spent 435 gold pieces at shops.

Inventory:

Hand Weapons
 d - a +4 morningstar of freezing (weapon)
Missiles
 x - 2 throwing nets
 C - 22 large rocks (quivered)
Armour
 c - a +0 hat (worn)
 f - a +0 kite shield of cold resistance (worn)
 j - +0 acid dragon scales (worn)
 t - a scarf of repulsion (worn)
 v - +2 ice dragon scales
Jewellery
 e - a ring of poison resistance (left hand)
 n - a ring of flight
 q - the ring of Quomior {Ice ^Drain rElec Will+++ Int-5}
   (You found it in an ice cave)

   [ring of ice]

   Ice:       It enhances your ice magic.
   Int-5:     It affects your intelligence (-5).
   rF-:       It makes you vulnerable to fire.
   rC+:       It protects you from cold.
   rElec:     It insulates you from electricity.
   Will+++:   It greatly increases your willpower.
   ^Drain:    It drains your maximum health when unequipped.
 y - a ring of positive energy
 M - the ring of the Loving Genius {rC+ rCorr Str+6 Dex-4}
   (You took it off a centaur warrior on level 13 of the Dungeon)

   [ring of strength]

   Str+6:     It affects your strength (+6).
   Dex-4:     It affects your dexterity (-4).
   rC+:       It protects you from cold.
   rCorr:     It protects you from acid and corrosion.
 P - an amulet of regeneration (around neck)
 T - a ring of resist corrosion
 U - a +5 ring of evasion (right hand)
Wands
 g - a wand of charming (9)
 h - a wand of polymorph (18)
 o - a wand of quicksilver (2)
 u - a wand of flame (6)
 D - a wand of digging (4)
 E - a wand of iceblast (20)
Scrolls
 l - 13 scrolls of identify
 r - 15 scrolls of teleportation
 s - 6 scrolls of amnesia
 w - a scroll of vulnerability
 A - 3 scrolls of enchant armour
 B - 2 scrolls of fog
 G - 4 scrolls of fear
 H - 5 scrolls of revelation
 I - 2 scrolls of immolation
 K - a scroll of blinking
 S - a scroll of torment
Potions
 a - 3 potions of magic
 b - 4 potions of cancellation
 i - a potion of might
 k - 7 potions of curing
 m - 6 potions of mutation
 p - 2 potions of heal wounds
 z - 5 potions of enlightenment
 F - a potion of invisibility
 J - 2 potions of haste
 L - 2 potions of lignification
 N - a potion of berserk rage
 O - 2 potions of brilliance
 Q - 2 potions of attraction


   Skills:
 + Level 19.1 Fighting
 + Level 16.7 Maces & Flails
 - Level 12.0 Throwing
 + Level 9.4 Armour
 + Level 12.8 Dodging
 + Level 7.0 Shields
 + Level 7.4 Evocations
 - Level 8.0 Shapeshifting


You had 17 spell levels left.
You didn't know any spells.
Your spell library contained the following spells:

 Spells                   Type           Power      Damage    Failure   Level
 Apportation              Tloc           0%         N/A       58%         1
 Freeze                   Ice            0%         1d3       58%         1
 Magic Dart               Conj           0%         1d3       58%         1
 Necrotise                Necr           0%         1d4       58%         1
 Shock                    Conj/Air       0%         1d3       58%         1
 Slow                     Hex            0%         N/A       58%         1
 Sting                    Conj/Alch      0%         1d3       58%         1
 Jinxbite                 Hex            0%         N/A       75%         2
 Mercury Vapours          Alch/Air       0%         N/A       75%         2
 Momentum Strike          Conj/Tloc      0%         3d8       75%         2
 Searing Ray              Conj           0%         2d4       75%         2
 Sublimation of Blood     Necr           0%         N/A       75%         2
 Confusing Touch          Hex            0%         N/A       92%         3
 Frozen Ramparts          Ice            0%         1d1       92%         3
 Gell's Gravitas          Tloc           0%         N/A       92%         3
 Hailstorm                Conj/Ice       0%         3d5       92%         3
 Sigil of Binding         Hex            0%         N/A       92%         3
 Stone Arrow              Conj/Erth      0%         3d7       92%         3
 Summon Ice Beast         Ice/Summ       0%         N/A       92%         3
 Swiftness                Air            0%         N/A       92%         3
 Teleport Other           Tloc           0%         N/A       92%         3
 Tukima's Dance           Hex            0%         N/A       92%         3
 Vampiric Draining        Necr           0%         2d6       92%         3
 Airstrike                Air            0%         2d(0-16)  100%        4
 Animate Armour           Summ/Erth      0%         N/A       100%        4
 Animate Dead             Necr           0%         N/A       100%        4
 Fulminant Prism          Conj/Alch      0%         3d5       100%        4
 Manifold Assault         Tloc           0%         N/A       100%        4
 Olgreb's Toxic Radiance  Alch           0%         N/A       100%        4
 Passage of Golubria      Tloc           0%         N/A       100%        4
 Petrify                  Alch/Erth      0%         N/A       100%        4
 Alistair's Intoxication  Alch           0%         N/A       100%        5
 Curse of Agony           Necr           0%         N/A       100%        5
 Irradiate                Conj/Alch      0%         3d11      100%        5
 Iskenderun's Battlesphe  Conj           0%         2d6       100%        5
 Summon Mana Viper        Hex/Summ       0%         N/A       100%        5
 Yara's Violent Unravell  Hex/Alch       0%         3d3       100%        5
 Bombard                  Conj/Erth      0%         9d1       100%        6
 Dispersal                Tloc           0%         N/A       100%        6
 Sculpt Simulacrum        Ice/Alch       0%         N/A       100%        6
 Enfeeble                 Hex            0%         N/A       100%        7
 Monstrous Menagerie      Summ           0%         N/A       100%        7
 Spellforged Servitor     Conj/Summ      0%         N/A       100%        7
 Borgnjor's Revivificati  Necr           0%         N/A       100%        8
 Disjunction              Tloc           0%         N/A       100%        8
 Lehudib's Crystal Spear  Conj/Erth      0%         10d2      100%        8
 Death's Door             Necr           0%         N/A       100%        9


Dungeon Overview and Level Annotations

Branches:
Dungeon (15/15)            Temple (1/1) D:6            Lair (5/5) D:11
  Swamp (4/4) Lair:3       Spider (0/4) Lair:3        Slime (0/5) Lair:4
    Orc (2/2) D:10            Elf (0/3) Orc:2        Vaults (1/5) D:14
 Depths (0/4) D:15          IceCv (visited)

Altars:
Ashenzari
Cheibriados
Dithmenos
Elyvilon
Fedhas
Gozag
Hepliaklqana
Kikubaaqudgha
Makhleb
Nemelex Xobeh
Okawaru
Qazlal
Ru
Sif Muna
Trog
Uskayaw
Vehumet
Wu Jian
Xom
Yredelemnul
Zin
The Shining One
Jiyva

Shops:
D:10 [   D:11 *   Orc:2 :[=

Portals:
Abyss: Lair:4
Trove: D:11 (give 5 potions of resistance)

Annotations:
Swamp:1 2 transporters, Notanamesir's ghost, adept TrSh


Innate Abilities, Weirdness & Mutations

You are too large for most types of armour.
You have a pair of small horns on your head.
You have tough skin. (AC +1)
You gain doubled healing and magic from potions.
Whenever you drink a healing potion, you attack all around you.
You have sharp toenails.
Your mind is acute. (Int +4, Str/Dex -1)


Message History

You sock the vault warden! You freeze the vault warden.
You claw the vault warden, but do no damage.
You headbutt the vault warden.
The vault warden is moderately wounded.
The vault warden hits you with a +0 great sword.
* * * LOW HITPOINT WARNING * * *
You thump the vault warden! You freeze the vault warden.
You headbutt the vault warden, but do no damage.
The vault warden is moderately wounded.
You closely miss the vault warden. Your kick misses the vault warden.
The vault warden is moderately wounded.
The vault warden hits you but does no damage.
You barely miss the vault warden. You claw the vault warden.
You headbutt the vault warden, but do no damage.
The vault warden is heavily wounded.
The vault warden closely misses you.
You impale the vault warden!! You freeze the vault warden!
You headbutt the vault warden, but do no damage.
The vault warden is almost dead.
The vault warden hits you with a +0 great sword!!
* * * LOW HITPOINT WARNING * * *
You hit the vault warden. You freeze the vault warden.
You headbutt the vault warden, but do no damage.
The vault warden is almost dead.
You block the vault warden's attack.
You hit the vault warden. You freeze the vault warden.
You headbutt the vault warden, but do no damage.
The vault warden is almost dead.
You hit the vault warden but do no damage.
The vault warden is almost dead.
You block the vault warden's attack.
You hit the vault warden but do no damage.
You claw the vault warden. Your headbutt misses the vault warden.
The vault warden is almost dead.
The vault warden hits you with a +0 great sword.
* * * LOW HITPOINT WARNING * * *
You closely miss the vault warden. Your headbutt misses the vault warden.
The vault warden is almost dead.
The vault warden hits you with a +0 great sword!!!
You die...

###### ## ..#..##
#..#...#..###
...#...#..###
.......#..##########
.#.#.#.#.#...##.........
......[@...#..'.#'##..##
.#...#p..#...##.#..####.
...#...#...####.##'##.#.
##...#...### #..#..).##
######### #..#######
#.## #[)' #.# #### #.#
#+ #). #+#..###


You could see a vault warden.

Vanquished Creatures
  Rupert (Orc:1)
  A lich (IceCv)
  A tentacled starspawn (Lair:4)
  2 thorn hunters (Swamp:3)
  A fenstrider witch (Swamp:3)
  3 vault wardens (Vaults:1)
  The ghost of Xeluveit the Protected, a journeyman AtMo of Yredelemnul (Lair:4)
  2 very ugly things (IceCv)
  2 ironbound preservers (Vaults:1)
  A formless jellyfish (Vaults:1)
  An eleionoma (Swamp:4)
  The ghost of Calechis the Cleaver, a journeyman VSSh of Hepliaklqana (Orc:1)
  2 bunyips (Swamp:1)
  A war gargoyle (Vaults:1)
  Snorg (D:11)
  An ettin (D:15)
  A shambling mangrove (Swamp:4)
  3 yaktaur captains (Vaults:1)
  5 vault guards
  A great orb of eyes (Vaults:1)
  Erolcha (Orc:1)
  An ice dragon (Swamp:4)
  23 hydras
  A caustic shrike simulacrum (IceCv)
  5 alligators
  Harold (D:8)
  2 death knights (D:13)
  15 centaur warriors
  A dancing weapon (Orc:1)
  2 two-headed ogres
  5 ironbound frosthearts (Vaults:1)
  4 boulder beetles
  A catoblepas (Lair:4)
  14 death yaks
  A tengu warrior (D:14)
  3 orc high priests
  A skeletal warrior (D:13)
  Lodul (D:13)
  4 goliath frogs
  9 swamp dragons
  8 spriggan druids
  2 orc knights
  A lindwurm (Lair:5)
  Pikel (D:4)
  8 deep trolls
  2 necromancers
  9 bog bodies
  A phantasmal warrior (Vaults:1)
  An obsidian statue (IceCv)
  3 arcanists
  3 deep elf pyromancers
  5 ugly things
  3 ironbound convokers (Vaults:1)
  An oklob plant (Lair:3)
  A large abomination (Lair:4)
  A wolf spider (D:13)
  10 manticores
  4 will-o-the-wisps
  9 orc sorcerers
  5 cyclopes
  A worldbinder (Lair:4)
  A salamander (shapeshifter) (D:14)
  A moth of wrath (Swamp:1)
  6 black mambas
  3 kobold blastminers (Orc:2)
  A vault sentinel (Vaults:1)
  10 elephants
  12 cane toads
  2 gargoyles
  A rime drake (Lair:5)
  A komodo dragon (shapeshifter) (D:15)
  A kobold demonologist (D:10)
  An efreet (D:13)
  10 yaktaurs (Vaults:1)
  2 tengu conjurers (D:15)
  2 ice devils (IceCv)
  4 anaconda simulacra (IceCv)
  2 hydra zombies (Swamp:3)
  6 komodo dragons
  A golden dragon simulacrum (IceCv)
  22 freezing wraiths
  7 trolls
  9 polar bears
  3 alligator simulacra (IceCv)
  16 hornets
  Grinder (D:5)
  11 blink frogs
  2 raiju (Lair:4)
  8 tyrant leeches
  Prince Ribbit (D:5)
  25 slime creatures
  19 spriggans
  A centaur simulacrum (D:14)
  5 shadows
  A ynoxinul (Lair:4)
  6 wyverns
  9 wraiths
  68 yaks
  A warg (Orc:1)
  2 dire elephant simulacra (IceCv)
  5 humans (D:14)
  5 basilisks
  2 steam dragons
  A redback (Lair:3)
  8 vampire mosquitoes
  A chaos spawn (Lair:4)
  Menkaure (D:5)
  2 minotaur simulacra (IceCv)
  3 harpy simulacra (IceCv)
  10 swamp worms
  An acid dragon (D:9)
  A hydra simulacrum (IceCv)
  11 water moccasins
  A meliai simulacrum (D:14)
  An ettin simulacrum (IceCv)
  26 orc warriors
  7 swamp drakes (Swamp:4)
  An ice beast (D:6)
  3 sky beasts
  A black bear (Lair:2)
  13 ogres
  3 boggarts (Lair:5)
  33 wolves
  20 centaurs
  2 lemures (D:4)
  13 bullfrogs
  4 kobold brigands
  3 gnoll sergeants
  2 deep troll simulacra (IceCv)
  3 scorpions
  22 wights
  3 troll zombies (Swamp:1)
  4 lindwurm simulacra (IceCv)
  A troll skeleton (Swamp:1)
  3 electric eels
  14 howler monkeys
  2 bombardier beetles
  36 orc priests
  2 hounds (D:5)
  4 jellies (Lair:4)
  5 iguanas
  A sleepcap (D:7)
  43 orc wizards
  14 gnolls
  7 adders
  A shadow imp (D:6)
  A white imp (D:7)
  2 ufetubi (D:5)
  A dart slug (D:3)
  95 orcs
  10 endoplasms
  6 giant cockroaches
  12 goblins
  6 hobgoblins
  19 kobolds
  3 quokkas
  10 ball pythons
  12 bats
  5 frilled lizards
  5 rats
1026 creatures vanquished.

Vanquished Creatures (others)
  A vault guard (D:13)
  An alligator (Swamp:1)
  2 bloated husks (Swamp:1)
  A swamp worm (Swamp:1)
  3 orc priests
  2 orc wizards (Orc:2)
  2 orcs (D:7)
  12 foxfires
  2 starspawn tentacles (Lair:4)
26 creatures vanquished.

Grand Total: 1052 creatures vanquished

Notes
Turn   | Place    | Note
-------+----------+-------------------------------------------
     0 | D:1      | inmateoo the Oni Gladiator began the quest for the Orb.
     0 | D:1      | Reached XP level 1. HP: 22/22 MP: 1/1
    63 | D:1      | Found a faded altar of an unknown god.
   230 | D:1      | Reached XP level 2. HP: 25/29 MP: 2/2
   243 | D:1      | Reached skill level 3 in Fighting
   706 | D:2      | Reached XP level 3. HP: 37/37 MP: 3/3
   748 | D:2      | Reached skill level 1 in Armour
   969 | D:2      | Reached XP level 4. HP: 37/45 MP: 4/4
  1965 | D:3      | Reached skill level 4 in Fighting
  1965 | D:3      | Reached XP level 5. HP: 36/54 MP: 5/5
  2176 | D:3      | HP: 2/53 [orc priest/nerve-wracking pain (7)]
  2692 | D:4      | Found a shimmering blue altar of Sif Muna.
  2700 | D:4      | Reached XP level 6. HP: 47/63 MP: 6/6
  3169 | D:4      | Found a hazy altar of Hepliaklqana.
  3547 | D:5      | Entered Level 5 of the Dungeon
  3592 | D:5      | Reached skill level 5 in Fighting
  3592 | D:5      | Reached XP level 7. HP: 60/72 MP: 7/7
  3685 | D:5      | Noticed Menkaure
  3688 | D:5      | Noticed Prince Ribbit
  3692 | D:5      | Killed Menkaure
  3700 | D:5      | Killed Prince Ribbit
  3887 | D:5      | Reached XP level 8. HP: 48/83 MP: 8/8
  4056 | D:5      | Found a blossoming altar of Fedhas.
  4069 | D:5      | Found an opulent altar of Gozag.
  4116 | D:5      | Reached skill level 5 in Maces & Flails
  4281 | D:5      | Reached skill level 6 in Fighting
  4418 | D:5      | Noticed Pikel
  4682 | D:4      | Killed Pikel
  4683 | D:4      | Reached skill level 5 in Dodging
  4904 | D:5      | Found a shimmering altar of Xom.
  5012 | D:5      | Reached skill level 5 in Throwing
  5083 | D:5      | Noticed Grinder
  5089 | D:5      | Killed Grinder
  5090 | D:5      | Reached skill level 7 in Fighting
  5090 | D:5      | Reached skill level 1 in Shapeshifting
  5090 | D:5      | Reached XP level 9. HP: 93/93 MP: 9/9
  5499 | D:6      | Found a staircase to the Ecumenical Temple.
  5523 | Temple   | Entered the Ecumenical Temple
  5541 | Temple   | Became a worshipper of the Wu Jian Council
  6592 | D:7      | Reached * piety under Wu Jian
  6604 | D:7      | Found a sacrificial altar of Ru.
  6743 | D:7      | Reached skill level 5 in Armour
  6851 | D:7      | Reached skill level 8 in Fighting
  6867 | D:7      | Found an ancient bone altar of Kikubaaqudgha.
  7024 | D:7      | Found a stormy altar of Qazlal.
  7725 | D:7      | Found a radiant altar of Vehumet.
  8066 | D:8      | Reached skill level 1 in Shields
  8131 | D:8      | Noticed a troll
  8157 | D:8      | Killed a troll
  8158 | D:8      | Reached XP level 10. HP: 86/104 MP: 10/10
  8421 | D:8      | Reached ** piety under Wu Jian
  9177 | D:9      | Noticed Harold
  9206 | D:8      | Killed Harold
  9207 | D:8      | Reached skill level 5 in Shapeshifting
 10081 | D:9      | Reached skill level 5 in Shields
 10081 | D:9      | Reached XP level 11. HP: 44/110 MP: 11/11
 10617 | D:9      | Reached *** piety under Wu Jian
 10707 | D:10     | Entered Level 10 of the Dungeon
 10768 | D:10     | Noticed a sixfirhy
 10769 | D:10     | Noticed a sun demon
 10953 | D:10     | Found Kaxzaed's Armour Boutique.
 10954 | D:10     | Found a staircase to the Orcish Mines.
 11946 | D:10     | Paralysed by a hornet for 2 turns
 11961 | D:10     | Paralysed by a hornet for 2 turns
 12399 | D:11     | Noticed a white ugly thing
 12406 | D:11     | Noticed a two-headed ogre
 12416 | D:11     | Killed a white ugly thing
 12417 | D:11     | Reached skill level 9 in Fighting
 12425 | D:11     | Killed a two-headed ogre
 12429 | D:11     | Noticed a manticore
 12463 | D:11     | Killed a manticore
 12467 | D:11     | Noticed a boulder beetle
 12492 | D:11     | Killed a boulder beetle
 12493 | D:11     | Reached skill level 10 in Fighting
 12525 | D:11     | Noticed a centaur warrior
 12525 | D:11     | Noticed a manticore
 12834 | D:11     | Found a staircase to the Lair.
 12858 | D:11     | Reached XP level 12. HP: 119/126 MP: 12/12
 13091 | D:11     | Found a portal to a secret trove of treasure.
 13175 | D:11     | Killed a centaur warrior
 13198 | D:11     | Found Zocrurch's General Store.
 13206 | D:11     | Bought a scroll of identify for 30 gold pieces
 13206 | D:11     | Bought a scroll of teleportation for 45 gold pieces
 13220 | D:11     | Reached **** piety under Wu Jian
 13221 | D:11     | Reached skill level 11 in Fighting
 13517 | D:11     | Noticed a boulder beetle
 13556 | D:11     | Killed a boulder beetle
 13557 | D:11     | Reached skill level 10 in Maces & Flails
 13633 | D:11     | Found a hazy altar of Hepliaklqana.
 13634 | D:11     | Found a shimmering altar of Xom.
 13636 | D:11     | Noticed Snorg
 13640 | D:11     | Gained mutation: You have sharp toenails. [potion of
                  | mutation]
 13640 | D:11     | Gained mutation: Your mind is acute. (Int +4, Str/Dex -1)
                  | [potion of mutation]
 13652 | D:11     | Killed Snorg
 13668 | D:11     | Found a hazy altar of Hepliaklqana.
 13668 | D:11     | Found a sparkling altar of Nemelex Xobeh.
 14290 | D:11     | Reached skill level 12 in Fighting
 15424 | D:12     | Reached XP level 13. HP: 106/141 MP: 13/13
 16608 | D:13     | Noticed Nessos
 16626 | D:13     | Nessos changed into Nessos the troll
 16626 | D:13     | Noticed Nessos
 16632 | D:13     | Killed Nessos the troll
 16633 | D:13     | Reached skill level 13 in Fighting
 17264 | D:13     | Identified the ring of the Loving Genius {rC+ rCorr Str+6
                  | Dex-4}
 17280 | D:13     | Noticed Lodul
 17292 | D:13     | Killed Lodul
 17615 | D:13     | Reached skill level 14 in Fighting
 18992 | D:13     | Reached skill level 15 in Fighting
 19709 | D:13     | Killed a vault guard
 20572 | D:14     | Reached XP level 14. HP: 17/159 MP: 14/14
 21327 | D:14     | Reached ***** piety under Wu Jian
 22247 | D:13     | Reached skill level 16 in Fighting
 22446 | D:14     | Found a gate to the Vaults.
 22502 | D:15     | Entered Level 15 of the Dungeon
 22714 | D:15     | Found a staircase to the Depths.
 22863 | D:15     | Reached skill level 10 in Dodging
 24330 | Lair:1   | Entered Level 1 of the Lair of Beasts
 26623 | Lair:3   | Reached XP level 15. HP: 161/172 MP: 15/15
 26747 | Lair:3   | Found a hole to the Spider Nest.
 26822 | Lair:3   | Found a staircase to the Swamp.
 27029 | Lair:3   | Reached skill level 17 in Fighting
 27803 | Lair:4   | Found a transporter.
 27977 | Lair:4   | Noticed a tentacled starspawn
 28376 | Lair:4   | Found a staircase to the Slime Pits.
 28377 | Lair:4   | Found a viscous altar of Jiyva.
 29028 | Lair:4   | Found a transporter.
 29227 | Lair:5   | Entered Level 5 of the Lair of Beasts
 29925 | Lair:5   | Reached skill level 18 in Fighting
 30005 | Lair:5   | Reached XP level 16. HP: 131/185 MP: 16/16
 30339 | Lair:5   | Reached skill level 10 in Throwing
 30380 | Lair:5   | Reached skill level 1 in Evocations
 30661 | Lair:5   | Identified the +0 rapier of Yesterday {flame, rPois rF- rC-
                  | Stlth+}
 31107 | Orc:1    | Entered Level 1 of the Orcish Mines
 31183 | Orc:2    | Entered Level 2 of the Orcish Mines
 31183 | Orc:2    | Noticed Rupert
 31317 | Orc:1    | Killed Rupert
 31431 | Orc:2    | Paralysed by an orc sorcerer for 3 turns
 32261 | Orc:2    | Found Cibroy's Magic Scroll Emporium.
 32261 | Orc:2    | Found Ussekoj's Book Emporium.
 32262 | Orc:2    | Found Lanox's Jewellery Shoppe.
 32267 | Orc:2    | Found Saraxt's Armour Shoppe.
 32311 | Orc:2    | Bought a scroll of fear for 64 gold pieces
 32311 | Orc:2    | Bought a scroll of fear for 64 gold pieces
 32311 | Orc:2    | Bought a scroll of fear for 64 gold pieces
 32311 | Orc:2    | Bought a scroll of teleportation for 48 gold pieces
 32311 | Orc:2    | Bought a scroll of revelation for 120 gold pieces
 32488 | Orc:1    | Reached skill level 15 in Maces & Flails
 32502 | Orc:1    | Found a runed translucent door.
 32503 | Orc:1    | Found a shimmering altar of Xom.
 32503 | Orc:1    | Noticed Calechis's ghost (journeyman VSSh)
 32772 | Orc:1    | Noticed Erolcha
 32780 | Orc:1    | Killed Erolcha
 32975 | Orc:1    | Killed Calechis's ghost
 32982 | Orc:1    | Got the Quarto of Hurting
 33194 | Orc:2    | Found a staircase to the Elven Halls.
 33691 | Swamp:1  | Entered Level 1 of the Swamp
 34105 | Swamp:1  | Found a bloodstained altar of Trog.
 34106 | Swamp:1  | Noticed Notanamesir's ghost (adept TrSh)
 34532 | Swamp:1  | Found a transporter.
 34532 | Swamp:1  | Found a transporter.
 34538 | Swamp:1  | Identified the ring "Asape Ricu" {Str+6 Dex+2}
 34616 | Lair:4   | Noticed Xeluveit's ghost (journeyman AtMo)
 34630 | Lair:4   | Found a one-way gate to the infinite horrors of the Abyss.
 34712 | Lair:4   | Killed Xeluveit's ghost
 34726 | Lair:4   | Killed a tentacled starspawn
 35161 | Swamp:1  | Reached skill level 5 in Evocations
 35631 | Swamp:2  | Reached XP level 17. HP: 152/193 MP: 17/17
 36609 | Swamp:3  | Got the Compendium of Reanimation Made Easy
 36909 | Swamp:4  | Entered Level 4 of the Swamp
 37082 | Swamp:4  | Found a frozen archway.
 37086 | IceCv    | Entered an ice cave
 37678 | IceCv    | Identified the +1 pair of boots of Poor Excuses {+Inv rC+++
                  | Str-5 Stlth+}
 37694 | IceCv    | Found an ancient bone altar of Kikubaaqudgha.
 38398 | IceCv    | Noticed a lich
 38539 | IceCv    | Killed a lich
 38600 | IceCv    | Identified the ring of Quomior {Ice ^Drain rElec Will+++
                  | Int-5}
 39593 | Swamp:4  | Paralysed by a hornet for 3 turns
 39692 | Swamp:4  | Got a decaying rune of Zot
 39918 | Swamp:4  | Upgraded the game from 0.31-a0-1424-g2add1c7226 to
                  | 0.31-a0-1447-g87ca8d402b
 40236 | Vaults:1 | Entered Level 1 of the Vaults
 40360 | Vaults:1 | Reached XP level 18. HP: 192/205 MP: 18/18
 40374 | Vaults:1 | Identified the +11 mace of Kalanal {venom, *Rage rPois
                  | SInv}
 40959 | Vaults:1 | Reached skill level 19 in Fighting
 41556 | Vaults:1 | Mangled by a vault warden

Illustrated notes

Levels and vault maps discovered:
D:1:      lemuel_arrival_cross, layout_basic, serial_forest,
          infiniplex_forest_straight_2, infiniplex_forest_lined_1,
          infiniplex_forest_lined_3_way, infiniplex_forest_straight_2,
          infiniplex_forest_end_3, infiniplex_forest_lined_2,
          infiniplex_forest_clump_medium, infiniplex_forest_straight_2,
          shapermc_ecumenical_altar_petra
D:2:      layout_basic, serial_bayou_pond_b, minmay_surrounded
D:3:      cheibrodos_pilgrimage, layout_loops_ring
D:4:      layout_basic, mainiacjoe_overflow_surrounded_room,
          overflow_temple_1_default, grunt_ministairs_5
D:5:      layout_rooms, nicolae_overflow_crystal_walls,
          mainiacjoe_overflow_big_doors, moated_statue, moated_statue,
          uniq_pikel, uniq_menkaure, uniq_grinder, uniq_prince_ribbit1
D:6:      layout_loops_ring, minmay_temple_entry_waves, roderic_batcave
D:7:      layout_loops_ring, lemuel_crystal_altar, fiery_altar_vehumet,
          nicolae_overflow_squiral
D:8:      layout_loops_corners, minmay_misc_feat_hallway
D:9:      layout_loops_ring, uniq_harold
D:10:     layout_cave_pods, orc_david_3
D:11:     minmay_the_grid_octo_tiled_squarecenter [minmay_the_grid_octo_shrine,
          minmay_the_grid_octo_focus, minmay_the_grid_octo_pinwheel,
          minmay_the_grid_octo_clover_2,
          minmay_the_grid_square_5x5_megaprize_hollow,
          minmay_the_grid_square_5x5_misaligned,
          minmay_the_grid_square_5x5_shrine2,
          minmay_the_grid_square_5x5_trominoes,
          minmay_the_grid_square_5x5_beaten_path], layout_stronghold,
          serial_column_ruins, column_ruins_hut, column_ruins_hut,
          column_ruins_open_small, column_ruins_columns_corner,
          column_ruins_open_tiny, column_ruins_grid_1, enter_trove_3,
          gauntlet_entry_generic, serial_shops, shop, uniq_snorg
D:12:     layout_basic
D:13:     layout_loops_corners, amcnicky_mini_rare_corridor_liquid, uniq_lodul,
          uniq_nessos
D:14:     layout_roguey [special_room_orc], ximxim_vaults_locker_room,
          nrook_mini_backslash
D:15:     hangedman_depths_entry_civil_slaughter, layout_basic,
          grunt_ministairs_15
Temple:   nicolae_temple_god_jail
Lair:1:   layout_cave_pods
Lair:2:   layout_loops_ring, nicolae_lair_lil_pond, grunt_megastairs_1,
          lemuel_fruit_tree
Lair:3:   layout_regular_city, minmay_swamp_entry_worms, spider_nest_entry_webs
Lair:4:   layout_hall_layers, nicolae_slime_entry_slimehenge,
          gammafunk_ghost_abyssal_escape, small_statue_intersection,
          chequers_serial_rivers_micro_a, cheibrodos_lair_reptile_den
Lair:5:   minmay_lair_end_enchanted_forest, layout_cave_pods,
          nicolae_lair_grazing_beasts [nicolae_sub_lair_graze_edge,
          nicolae_sub_lair_graze_edge, nicolae_sub_lair_graze_edge,
          nicolae_sub_lair_graze_edge], serial_bayou_shore_b
Swamp:1:  layout_falls_marsh, gammafunk_ghost_wrathful_warriors,
          serial_swamp_ruin, evilmike_swamp_ruin_rubble_1,
          evilmike_swamp_ruin_house_6, evilmike_swamp_ruin_house_5,
          swamp_pool_4, cheibrodos_swamp_minitomb
Swamp:2:  layout_falls_marsh, evilmike_swamp_ruin_rubble_2, swamp_pool_4
Swamp:3:  layout_basic_swamp, hangedman_swamp_ruin_hall,
          nicolae_swamp_necromancy_gone_wrong, infiniplex_staircase_pool
Swamp:4:  swamp, layout_basic_swamp, portal_ice_cave_entry_pillars_four,
          swamp_pool_1_2
Orc:1:    layout_caves, ebering_ghost_xom, basic_altar,
          nicolae_orc_flooded_monolith, nicolae_orc_tapped_out, uniq_erolcha
Orc:2:    st_orc_mages, layout_caves, nicolae_orc_damp_corner, uniq_rupert
Vaults:1: nicolae_vaults_six-pack, nicolae_vaults_closet_pinwheel_5,
          vaults_mumra_bighexcomb, dpeg_vaults_monster_row, v_rooms_1,
          nicolae_vaults_puzzle_piece, nicolae_vaults_frosty_reception,
          ontoclasm_vaults_hangar, nicolae_vaults_shelves_hall,
          vaults_dpeg_diagonal, v_misc_8, grunt_vaults_diagonal,
          nicolae_vaults_rhombus_6, nicolae_vaults_offset_grid_hallway_2,
          vaults_room_large_hall, layout_vaults_maze, serial_shops, shop

Skill      XL: |  1  2  3  4  5  6  7  8  9 10 11 12 13 14 15 16 17 18 |
---------------+-------------------------------------------------------+-----
Fighting       | 3 4 5 7 8 10 12 15 16 18 19 | 19.1
Armour         | 1 2 3 4 5 7 8 9 |  9.4
Dodging        | 3 4 5 6 8 9 10 11 12 | 12.8
Throwing       | 3 4 5 6 7 8 9 11 12 | 12.0
Maces & Flails | 4 5 7 8 9 11 12 13 14 15 16 | 16.7
Shapeshifting  | 1 3 6 8 |  8.0
Shields        | 1 5 6 7 |  7.0
Evocations     | 5 7 |  7.4

Action                     |  1- 3 |  4- 6 |  7- 9 | 10-12 | 13-15 | 16-18 || total
---------------------------+-------+-------+-------+-------+-------+-------++-------
  Melee: Flail             |    88 |   157 |   279 |   169 |       |       ||   693
         Headbutt          |    12 |    28 |    49 |   212 |   381 |   453 ||  1135
         Giant spiked club |       |       |    14 |       |       |       ||    14
         Punch             |       |       |     2 |       |       |       ||     2
         Morningstar       |       |       |       |   655 |  1456 |  1693 ||  3804
         Kick              |       |       |       |    71 |   626 |   687 ||  1384
         Unarmed           |       |       |       |       |       |     9 ||     9
  Throw: Large rock        |       |       |    20 |    20 |    33 |    11 ||    84
         Throwing net      |       |       |       |     7 |     1 |     1 ||     9
 Invoke: Serpent's Lash    |       |       |       |     3 |    17 |    15 ||    35
         Heavenly Storm    |       |       |       |       |     2 |     4 ||     6
Ability: Lunge             |       |       |     4 |    22 |    53 |    74 ||   153
         Whirlwind         |       |       |     3 |    10 |   118 |   209 ||   340
  Evoke: Wand              |       |       |     8 |       |     3 |     1 ||    12
    Use: Scroll            |     4 |     3 |    13 |     7 |     8 |    15 ||    50
         Potion            |       |       |     1 |    10 |     3 |    10 ||    24
   Stab: Sleeping          |     1 |       |       |     1 |       |       ||     2
         Held in net/web   |       |       |       |     4 |       |       ||     4
         Invisible         |       |       |       |     1 |       |       ||     1
         Confused          |       |       |       |       |       |     1 ||     1
 Armour: Robe              |    76 |    81 |   229 |    85 |       |       ||   471
         Skin              |       |       |    42 |    26 |       |     2 ||    70
         Acid dragon scale |       |       |       |   376 |   967 |  1187 ||  2530
  Dodge: Dodged            |    62 |    83 |   196 |   466 |   923 |  1084 ||  2814
         Repelled          |       |       |       |     1 |     5 |    27 ||    33
  Block: Kite shield       |       |       |    12 |   433 |   262 |   279 ||   986
         Tower shield      |       |       |       |       |   737 |   992 ||  1729

Table legend: (Time is in decaauts)
 A = Elapsed time spent in this place.
 B = Non-inter-level travel time spent in this place.
 C = Inter-level travel time spent in this place.
 D = Time resting spent in this place.
 E = Time spent auto-exploring this place.
 F = Levels seen in this place.
 G = Mean time per level.
                   A        B        C        D        E       F      G
               +--------+--------+--------+--------+--------+-----+--------+
         Total |  41955 |  40303 |   1652 |  16438 |  14873 |  29 | 1446.7 |
       Dungeon |  25047 |  24170 |    877 |  10959 |   8318 |  15 | 1669.8 |
        Temple |     34 |      2 |     32 |      0 |      0 |   1 |   34.0 |
          Lair |   7261 |   6782 |    479 |   1553 |   3610 |   5 | 1452.2 |
         Swamp |   4314 |   4123 |    191 |   1593 |   1579 |   4 | 1078.5 |
  Orcish Mines |   2361 |   2290 |     71 |    700 |    940 |   2 | 1180.5 |
        Vaults |   1276 |   1276 |      0 |    730 |    170 |   1 | 1276.0 |
      Ice Cave |   1660 |   1660 |      0 |    903 |    255 |   1 | 1660.0 |
               +--------+--------+--------+--------+--------+-----+--------+

Top non-repeatable levels by time:
    D:13: 3919 daAuts
    D:11: 2573 daAuts
    D:14: 2438 daAuts
    D:10: 2137 daAuts
  Lair:5: 1773 daAuts
    D:15: 1733 daAuts
   IceCv: 1660 daAuts
  Lair:3: 1606 daAuts
     D:7: 1479 daAuts
   Orc:1: 1478 daAuts
  Lair:4: 1461 daAuts
     D:4: 1439 daAuts
  Lair:1: 1426 daAuts
     D:8: 1418 daAuts
    D:12: 1391 daAuts
